 Dungeon Crawl Stone Soup version 0.31-a0-963-ga325b2283a (webtiles) character file.

Game seed: 3195242103516282437

32 Xavori the Trooper (level 3, -13/30 HPs)
             Began as a Djinni Chaos Knight on Oct 24, 2023.
             Was a Plaything of Xom.
             Mangled by a worm (16 damage)
             ... on level 2 of the Dungeon.
             The game lasted 00:00:58 (9750 turns).

Xavori the Trooper (Djinni Chaos Knight)            Turns: 9750, Time: 00:00:58

Health: -13/30     AC:  5    Str: 10 (11) XL:     3   Next: 42%
Gold:   53         EV: 12    Int: 13      God:    Xom [..*...] SH:  0 Dex: 13 (14)

rFire   + + .        a - +0 falchion (chaos)
rCold   x . .        (no shield)
rNeg    . . .        b - +2 leather armour
rPois   ∞            (helmet restricted)
rElec   .            (no cloak)
rCorr   .            (no gloves)
SInv    .            (boots unavailable)
Will    .....        (no amulet)
Stlth   +            (no ring)
HPRegen 0.25/turn    (no ring)
MPRegen 0.00/turn

%: clarity, infuse magic (-14 HP)
@: flying
A: sickness immunity, fire resistance 2, cold vulnerability 1, float, innate
caster, HP casting, extra vitality 1, horns 1, clarity, evolution 1
a: Renounce Religion


You were on level 2 of the Dungeon.
You worshipped Xom.
You were a toy of Xom.
You visited 1 branch of the dungeon, and saw 2 of its levels.

You collected 53 gold pieces.

Inventory:

Hand Weapons
 a - a +0 falchion of chaos (weapon)
Armour
 b - a +2 leather armour (worn)
Scrolls
 c - a scroll of butterflies
 d - a scroll of vulnerability {unknown}
 g - a scroll of teleportation {unknown}
Potions
 e - a potion of might {unknown}
 f - 2 potions of mutation {unknown}


   Skills:
 + Level 3.2 Fighting
 + Level 3.0 Long Blades
 + Level 1.5 Armour
 + Level 2.6 Dodging
 * Level 0.2 Spellcasting
 * Level 0.2 Conjurations
 * Level 0.2 Hexes
   Level 0.0 Charms
 * Level 0.2 Summonings
 * Level 0.2 Necromancy
 * Level 0.2 Translocations
 * Level 0.2 Transmutations
 * Level 0.2 Fire Magic
 * Level 0.2 Ice Magic
 * Level 0.2 Air Magic
 * Level 0.2 Earth Magic
 * Level 0.2 Poison Magic


You knew the following spells:

 Your Spells              Type           Power      Damage    Failure   Level
a - Apportation           Tloc           0%         N/A       34%         1
Your spell library was empty.

Dungeon Overview and Level Annotations

Branches:
Dungeon (2/15)

Altars:


Innate Abilities, Weirdness & Mutations

You are immune to sickness and miasma.
You are immune to poison.
Your flesh is very heat resistant. (rF++)
You are vulnerable to cold. (rC-)
You float through the air rather than walking.
You learn spells naturally, not from books.
Your magical power is your life essence.
You have superior vitality. (+4 MHP)
You have a pair of small horns on your head.
You possess an exceptional clarity of mind.
You have hidden genetic potential.


Message History

The worm is moderately wounded.
The worm barely misses you.
A worm is nearby!
You hit the worm but do no damage.
The worm seems to speed up.
You headbutt the worm.
The worm is moderately wounded.
The worm bites you!
A worm is nearby!
You slash the worm!
The worm is severely wounded.
The worm closely misses you.
A worm is nearby!
You hit the worm.
The worm is severely wounded.
The worm closely misses you.
You hit the worm but do no damage.
The worm is heavily wounded.
The worm bites you.
A worm is nearby!
You hit the worm.
The worm seems to grow stronger.
You headbutt the worm.
The worm is severely wounded.
The worm bites you!
Ouch! That really hurt!
* * * LOW HITPOINT WARNING * * *
You emit a cloud of colourful smoke!
A worm is nearby!
You are too injured to fight recklessly!
A worm is nearby!
You are too injured to fight recklessly!
A worm is nearby!
You are too injured to fight recklessly!
A worm is nearby!
You are too injured to fight recklessly!
Unknown command.
You hit the worm but do no damage.
The worm is poisoned.
The worm is heavily wounded.
The worm bites you!
Ouch! That really hurt!
You die...
Xom guffaws!

## ! ##. #§##
#w§# ##@# #§§#
##.# ###.##
##....#
#######..####
........#####..
#.#####>......#
#.......######.


You could see a worm (fast, strong, very poisoned).

Vanquished Creatures
  A gnoll (D:1)
  A worm (D:2)
  A dart slug (D:1)
  A bat (D:1)
  2 endoplasms (D:1)
  A giant cockroach (D:1)
  A goblin (D:1)
  A hobgoblin (D:1)
  4 kobolds (D:1)
  A quokka (D:1)
  2 ball pythons (D:1)
  A rat (D:1)
17 creatures vanquished.

Notes
Turn   | Place    | Note
-------+----------+-------------------------------------------
     0 | D:1      | Xavori the Djinni Chaos Knight began the quest for the Orb.
     0 | D:1      | Reached XP level 1. HP: 20/20 MP: 0/0
    85 | D:1      | XOM: potion effect (heal wounds)
    91 | D:1      | Reached XP level 2. HP: 14/25 MP: 0/0
   433 | D:1      | Reached XP level 3. HP: 30/30 MP: 0/0
   433 | D:1      | Learned a level 1 spell: Apportation
   696 | D:1      | XOM: silly message
  1030 | D:1      | XOM: silly message
  1252 | D:1      | XOM: stat loss: -1 Str (10/11)
  2172 | D:1      | XOM: stat loss: -1 Dex (13/14)
  2530 | D:1      | XOM: summons 2 hostile demons
  3058 | D:1      | XOM is BORED!
  3058 | D:1      | XOM: silly message
  3306 | D:1      | XOM: silly message
  3341 | D:1      | XOM: silly message
  3453 | D:1      | XOM: scenery: 1 doors close
  3710 | D:1      | XOM: god gift: scroll labelled HYMAPT QAUR {god gift}
  3784 | D:1      | XOM: cloud trail
  4424 | D:1      | XOM: give mutations
  4424 | D:1      | Gained mutation: You have a pair of small horns on your
                  | head. [Xom's mischief]
  4424 | D:1      | Gained mutation: You have hidden genetic potential. [Xom's
                  | mischief]
  4424 | D:1      | Gained mutation: You possess an exceptional clarity of
                  | mind. [Xom's mischief]
  4690 | D:1      | XOM is BORED!
  4872 | D:1      | XOM: divination: magic mapping
  5006 | D:1      | XOM: divination: detect items
  5272 | D:1      | XOM: silly message
  5394 | D:1      | XOM: silly message
  5683 | D:1      | XOM: divination: detect creatures
  5794 | D:1      | XOM: divination: detect creatures
  6371 | D:1      | XOM: silly message
  7479 | D:1      | XOM is BORED!
  7839 | D:1      | XOM: divination: detect creatures
  7944 | D:1      | XOM: silly message
  8571 | D:1      | XOM: silly message
  9609 | D:1      | XOM: scenery: 1 doors open
  9749 | D:2      | XOM: smoke on damage
  9750 | D:2      | Mangled by a worm

Illustrated notes

Levels and vault maps discovered:
D:1:      dpeg_arrival_snail, layout_basic, due_unseen_surprise
D:2:      minmay_angry_zag, layout_loops_cross, nicolae_ecumenical_lake_church,
          uniq_sigmund

Skill      XL: |  1  2  3 |
---------------+----------+-----
Long Blades    | 3 |  3.0
Fighting       | |  3.2
Armour         | |  1.5
Dodging        | |  2.6
Spellcasting   | |  0.2
Conjurations   | |  0.2
Hexes          | |  0.2
Summonings     | |  0.2
Necromancy     | |  0.2
Translocations | |  0.2
Transmutations | |  0.2
Fire Magic     | |  0.2
Ice Magic      | |  0.2
Air Magic      | |  0.2
Earth Magic    | |  0.2
Poison Magic   | |  0.2

Action                     || total
---------------------------++-------
  Melee: Falchion          ||    53
         Headbutt          ||     6
    Use: Scroll            ||     1
   Stab: Paralysed         ||     1
 Armour: Leather armour    ||    29
  Dodge: Dodged            ||    28

Table legend: (Time is in decaauts)
 A = Elapsed time spent in this place.
 B = Non-inter-level travel time spent in this place.
 C = Inter-level travel time spent in this place.
 D = Time resting spent in this place.
 E = Time spent auto-exploring this place.
 F = Levels seen in this place.
 G = Mean time per level.
                   A        B        C        D        E       F      G
               +--------+--------+--------+--------+--------+-----+--------+
         Total |   9760 |   9749 |     11 |   9147 |    462 |   2 | 4880.0 |
       Dungeon |   9760 |   9749 |     11 |   9147 |    462 |   2 | 4880.0 |
               +--------+--------+--------+--------+--------+-----+--------+

Top non-repeatable levels by time:
     D:1: 9451 daAuts
     D:2: 308 daAuts
